[Event "Team 45 45 League T66"]
[Site "Internet Chess Club"]
[Date "2015.10.11"]
[Round "6"]
[White "Portola"]
[Black "parrot9"]
[Result "1/2-1/2"]
[WhiteElo "1785"]
[BlackElo "1636"]
[Opening "Queen's pawn game, Darooha variation "]
[ECO "D02"]
[Time "09:00:17"]
[TimeControl "2700+45"]

1. d4 d5 2. Nf3 Nf6 3. c3 e6 4. Bg5 Be7 5. e3 Nbd7 6. Nbd2 O-O 7. Bd3 c5 8. O-O
a6 9. a4 Qc7 10. Qe2 e5 11. dxe5 Nxe5 12. Nxe5 Qxe5 13. Bf4 Qe6 14. Rfe1 Bd6 15.
Bxd6 Qxd6 16. h3 Re8 17. Nf3 Ne4 18. Nd2 Nf6 19. Qf3 Bd7 20. Qd1 Rad8 21. Qc2
Bc6 22. Rad1 Qc7 23. Be2 b5 24. axb5 axb5 25. Ra1 h6 26. Bf3 Ra8 27. Nb3 Bb7 28.
Red1 Qb6 29. Nd2 Rad8 30. Ra2 Ra8 31. Rda1 Rxa2 32. Rxa2 Rd8 33. Nb3 Ne4 34. Nd2
Nf6 35. Ra1 Re8 36. Qb1 Bc6 37. Qa2 Ra8 38. Qb1 Re8 39. Qc2 Ne4 40. Nb3 Nf6 41.
Qb1 Ne4 42. Qc1 Bb7 43. Nd2 Bc6 44. Nf1 Qb7 45. Qb1 Qb6 46. Ra2 Ra8 47. Rxa8+
Bxa8 48. Qa1 Bc6 {Game drawn by mutual agreement} 1/2-1/2

[Event "Team 45 45 League T66"]
[Site "Internet Chess Club"]
[Date "2015.10.11"]
[Round "6"]
[White "LittleButton"]
[Black "roji"]
[Result "1-0"]
[WhiteElo "1850"]
[BlackElo "1854"]
[Opening "Modern defense"]
[ECO "A40"]
[Time "08:24:25"]
[TimeControl "2700+45"]

1. d4 g6 2. Nf3 Bg7 3. c3 d6 4. Bg5 h6 5. Bh4 Nf6 6. Nbd2 Bf5 7. Bxf6 Bxf6 8.
Qb3 Qc8 9. e4 Be6 10. Qc2 O-O 11. Bd3 Bg7 12. O-O c5 13. d5 Bd7 14. Rae1 e5 15.
dxe6 Bxe6 16. Nc4 Qd7 17. a4 Nc6 18. Nfd2 Ne5 19. Be2 Rad8 20. f4 Nc6 21. f5
Bxc4 22. Nxc4 gxf5 23. Rxf5 Ne5 24. Nxe5 dxe5 25. Bc4 Kh8 26. Bd5 f6 27. c4 b6
28. Re3 Qe8 29. Rh3 Qg6 30. Qf2 Rd7 31. Rg3 Qh7 32. Rg4 Rfd8 33. Rxf6 h5 34. Rg5
Rg8 35. Rff5 Rxd5 36. cxd5 Bh6 37. Rxh5 {Black resigns} 1-0

[Event "Team 45 45 League T66"]
[Site "Internet Chess Club"]
[Date "2015.10.11"]
[Round "6"]
[White "allaboutthegyro"]
[Black "LazyPeon"]
[Result "1-0"]
[WhiteElo "1959"]
[BlackElo "1738"]
[Opening "Ruy Lopez: Schliemann defense"]
[ECO "C63"]
[Time "09:00:22"]
[TimeControl "2700+45"]

1. e4 e5 2. Nf3 Nc6 3. Bb5 f5 4. d3 fxe4 5. dxe4 Nf6 6. O-O Bc5 7. Nc3 d6 8. Be3
Bxe3 9. fxe3 O-O 10. Bc4+ Kh8 11. Ng5 Bg4 12. Qe1 Qe7 13. Qh4 h6 14. Nf7+ Kh7
15. Rxf6 Qxf6 16. Qxg4 Rxf7 17. Bxf7 Qxf7 18. Rf1 Qe8 19. Nd5 Rc8 20. Rf6 Kh8
21. Rg6 Qf8 22. Rxg7 Qxg7 23. Qxc8+ Kh7 24. Qxb7 {Black resigns} 1-0

[Event "Team 45 45 League T66"]
[Site "Internet Chess Club"]
[Date "2015.10.10"]
[Round "6"]
[White "Stiltzkin"]
[Black "drbishop"]
[Result "1-0"]
[WhiteElo "1864"]
[BlackElo "1768"]
[Opening "King's Indian: Sämisch, 5...O-O"]
[ECO "E81"]
[Time "09:17:36"]
[TimeControl "2700+45"]

1. d4 Nf6 2. c4 g6 3. f3 Bg7 4. e4 d6 5. Nc3 O-O 6. Nge2 c5 7. d5 Nbd7 8. Ng3
Ne5 9. Be3 a6 10. Be2 Rb8 11. f4 Neg4 12. Bd2 h5 13. h3 Nh6 14. O-O h4 15. Nh1
b5 16. cxb5 axb5 17. Nf2 b4 18. Na4 Bd7 19. a3 bxa3 20. Rxa3 Bxa4 21. Rxa4 Rxb2
22. Nd3 Rb8 23. Be1 e6 24. Bxh4 exd5 25. e5 dxe5 26. fxe5 Nf5 27. exf6 Bh6 28.
Rxf5 gxf5 29. Nf4 Rb4 30. Rxb4 cxb4 31. Nxd5 Qa5 32. Qb3 Qa3 33. Bc4 Qxb3 34.
Bxb3 Bd2 35. Ne7+ Kh7 36. Kf1 Rd8 37. Bxf7 Rd4 38. Bg6+ Kh8 39. f7 Kg7 40. Bf6+
{Black resigns} 1-0

[Event "Team 45 45 League T66"]
[Site "Internet Chess Club"]
[Date "2015.10.08"]
[Round "6"]
[White "Saigee"]
[Black "Bryant-L"]
[Result "1/2-1/2"]
[WhiteElo "1543"]
[BlackElo "1725"]
[Opening "French: exchange variation"]
[ECO "C01"]
[Time "18:00:11"]
[TimeControl "2700+45"]

1. e4 e6 2. d4 d5 3. exd5 exd5 4. Nf3 Nf6 5. Be2 Bd6 6. Bg5 O-O 7. Nc3 Be6 8.
O-O Nbd7 9. a3 c6 10. Bd3 h6 11. Bh4 Qc7 12. Bg3 Rae8 13. Re1 Nh7 14. Qd2 Bxg3
15. hxg3 Bg4 16. Nh4 Ndf6 17. Nf5 Ng5 18. Ne3 Bd7 19. Nf1 Rxe1 20. Rxe1 Re8 21.
Rxe8+ Bxe8 22. Ne3 Bd7 23. Qe2 Qd6 24. Nf5 Bxf5 25. Bxf5 Nge4 26. Nxe4 dxe4 27.
c3 Qd5 28. Bh3 {Game drawn by mutual agreement} 1/2-1/2

[Event "Team 45 45 League T66"]
[Site "Internet Chess Club"]
[Date "2015.10.09"]
[Round "6"]
[White "Gilligan"]
[Black "NFork"]
[Result "0-1"]
[WhiteElo "2007"]
[BlackElo "2130"]
[Opening "English opening"]
[ECO "A20"]
[Time "01:41:49"]
[TimeControl "2700+45"]

1. c4 e5 2. g3 Nf6 3. Bg2 Nc6 4. Nc3 Bc5 5. Nf3 d6 6. d3 h6 7. O-O a5 8. b3 O-O
9. Bb2 Bg4 10. h3 Be6 11. e3 Bb6 12. d4 exd4 13. exd4 Bf5 14. d5 Nb4 15. Ne1 Re8
16. a3 Na6 17. Nd3 Ne4 18. Nxe4 Bxe4 19. Qd2 Qg5 20. Qxg5 hxg5 21. Bxe4 Rxe4 22.
Rfe1 Rae8 23. Kf1 f5 24. Rad1 Kf7 25. Rxe4 fxe4 26. Nc1 e3 27. f3 e2+ 28. Nxe2
Re3 29. Bd4 Rxf3+ 30. Kg2 Rxb3 31. Bxb6 Rxb6 32. Nd4 Rb2+ 33. Kf3 Ra2 34. Rd3
Nc5 35. Re3 Nd7 36. Kg4 Kg6 37. Kf3 Ne5+ 38. Ke4 Nxc4 39. Rc3 Nxa3 40. Rxc7 Rb2
41. Ne6 Rb4+ 42. Kd3 Kf6 43. Rxg7 Rb3+ 44. Ke4 Rxg3 45. Rxb7 Nc2 46. Nxg5 Rxg5
47. Rd7 Re5+ {White resigns} 0-1

[Event "Team 45 45 League T66"]
[Site "Internet Chess Club"]
[Date "2015.10.12"]
[Round "6"]
[White "gera-carp75"]
[Black "The7thGuest"]
[Result "0-1"]
[WhiteElo "1876"]
[BlackElo "1937"]
[Opening "Sicilian: Pelikan, Chelyabinsk variation"]
[ECO "B33"]
[Time "12:30:29"]
[TimeControl "2700+45"]

1. e4 c5 2. Nf3 Nc6 3. d4 cxd4 4. Nxd4 Nf6 5. Nc3 e5 6. Ndb5 d6 7. Bg5 a6 8. Na3
b5 9. Nd5 Be7 10. Bxf6 Bxf6 11. c3 Bg5 12. Nc2 O-O 13. a4 bxa4 14. Rxa4 g6 15.
Bc4 a5 16. b4 Rb8 17. h4 Bxh4 18. b5 Ne7 19. Nce3 Nxd5 20. Nxd5 Be6 21. g3 Bf6
22. Qd2 Bg7 23. Ke2 f5 24. Kd1 fxe4 25. Qe2 Rxb5 26. Qxe4 Rc5 27. Nc7 Bxc4 28.
Rxc4 Qxc7 {White resigns} 0-1

[Event "Team 45 45 League T66"]
[Site "Internet Chess Club"]
[Date "2015.10.09"]
[Round "6"]
[White "JPSVI"]
[Black "freakypawn"]
[Result "0-1"]
[WhiteElo "1574"]
[BlackElo "1792"]
[Opening "Queen's bishop game"]
[ECO "D00"]
[Time "23:00:15"]
[TimeControl "2700+45"]

1. d4 d5 2. Bf4 Nf6 3. Nf3 e6 4. e3 Bd6 5. Bxd6 Qxd6 6. Be2 c5 7. O-O Nc6 8. Nc3
O-O 9. a3 b6 10. Nb5 Qe7 11. c4 Bb7 12. dxc5 bxc5 13. cxd5 exd5 14. Qc2 a6 15.
Nc3 Rfe8 16. Rfd1 Rad8 17. Na4 Ne4 18. Rac1 c4 19. Nb6 Qe6 20. Na4 Na5 21. Nd4
Qe5 22. Bf3 Nc6 23. Bxe4 Qxe4 24. Nc5 Qe7 25. Nxb7 Qxb7 26. Nxc6 Qxc6 27. b3 Kf8
28. bxc4 dxc4 29. Qxh7 Rxd1+ 30. Rxd1 c3 31. Qh8+ Ke7 32. Qxg7 c2 33. Rc1 Rd8
34. Qa1 Qc3 35. Rf1 Qxa1 36. Rxa1 Rd1+ {White resigns} 0-1

[Event "Team 45 45 League T66"]
[Site "Internet Chess Club"]
[Date "2015.10.07"]
[Round "6"]
[White "CaptK"]
[Black "LiangLiang"]
[Result "1-0"]
[WhiteElo "1905"]
[BlackElo "1832"]
[Opening "QGD: Ragozin variation"]
[ECO "D38"]
[Time "21:30:33"]
[TimeControl "2700+45"]

1. d4 Nf6 2. Nf3 d5 3. c4 e6 4. Nc3 Bb4 5. Bg5 c5 6. dxc5 Bxc5 7. e3 Bb4 8. Be2
O-O 9. O-O h6 10. Bh4 Bxc3 11. bxc3 Nbd7 12. cxd5 exd5 13. c4 dxc4 14. Bxc4 Qe7
15. Qb3 a6 16. a4 Nc5 17. Qa3 Be6 18. Bxe6 fxe6 19. Rfc1 Rac8 20. Ne5 Kh7 21.
Nd3 b6 22. a5 Qd6 23. Nxc5 bxc5 24. Bg3 Qc6 25. Qd3+ Kg8 26. Qc4 Nd5 27. Rab1
Qd7 28. Qxa6 Nb4 29. Qd6 Qf7 30. Rxc5 Rcd8 31. Qb6 Nd3 32. Rc2 Rd7 33. Rc7 Rxc7
34. Qxc7 Qg6 35. Rb8 Rxb8 36. Qxb8+ Kh7 37. a6 {Black resigns} 1-0

[Event "Team 45 45 League T66"]
[Site "Internet Chess Club"]
[Date "2015.10.18"]
[Round "6"]
[White "SlimeDog2"]
[Black "G-force"]
[Result "0-1"]
[WhiteElo "2038"]
[BlackElo "2146"]
[Opening "Bogo-Indian defense, Nimzovich variation"]
[ECO "E11"]
[Time "14:03:46"]
[TimeControl "2700+45"]

1. d4 Nf6 2. c4 e6 3. Nf3 Bb4+ 4. Bd2 Qe7 5. Nc3 O-O 6. g3 b6 7. Bg2 Bb7 8. O-O
d6 9. a3 Bxc3 10. Bxc3 Nbd7 11. b4 c5 12. Qb3 cxd4 13. Bxd4 e5 14. Bb2 Rac8 15.
Rfd1 Rfd8 16. a4 a5 17. bxa5 Nc5 18. Qa2 bxa5 19. Bc3 Qc7 20. Rab1 Bc6 21. Nh4
Bxa4 22. Rdc1 g6 23. Qd2 Nfe4 24. Qh6 Nxc3 25. Rxc3 Bc6 26. g4 Bxg2 27. Kxg2 Ne6
28. Rh3 Nf4+ {White resigns} 0-1

[Event "Team 45 45 League T66"]
[Site "Internet Chess Club"]
[Date "2015.10.11"]
[Round "6"]
[White "cysk"]
[Black "laurenpar"]
[Result "1/2-1/2"]
[WhiteElo "1831"]
[BlackElo "1967"]
[Opening "French: King's Indian attack"]
[ECO "C00"]
[Time "09:08:41"]
[TimeControl "2700+45"]

1. e4 e6 2. d3 d5 3. g3 Nf6 4. Bg2 dxe4 5. dxe4 Qxd1+ 6. Kxd1 e5 7. Nc3 Be6 8.
Nd5 Na6 9. Nxf6+ gxf6 10. a3 Nc5 11. Be3 O-O-O+ 12. Ke1 Na4 13. b4 Kb8 14. f4
Nb2 15. Nf3 Nc4 16. Kf2 Nxe3 17. Kxe3 Bh6 18. Nh4 Rhg8 19. Bf3 Rd7 20. Rad1 Rgd8
21. Rxd7 Rxd7 22. Rd1 Kc8 23. Rxd7 Kxd7 24. Nf5 Bf8 25. g4 Kc6 26. Be2 Bxf5 27.
exf5 Bh6 28. Ke4 Bxf4 29. h3 Bc1 30. a4 Ba3 31. b5+ Kc5 32. c4 Kb4 33. Kd3 Kxa4
34. Bf3 a6 35. Bxb7 axb5 36. Bc6 Kb4 {Game drawn by mutual agreement} 1/2-1/2

[Event "Team 45 45 League T66"]
[Site "Internet Chess Club"]
[Date "2015.10.08"]
[Round "6"]
[White "ChessRooklift"]
[Black "Portola"]
[Result "1-0"]
[WhiteElo "1887"]
[BlackElo "1803"]
[Opening "Nimzovich-Larsen attack: classical variation"]
[ECO "A01"]
[Time "20:00:51"]
[TimeControl "2700+45"]

1. b3 d5 2. Bb2 Bf5 3. e3 e6 4. f4 Nf6 5. Nf3 h6 6. Ne5 c6 7. Be2 Nbd7 8. O-O h5
9. Bf3 Bc5 10. d4 Bd6 11. c4 Qe7 12. Qe1 h4 13. Nd2 Ne4 14. c5 Bc7 15. Rc1 Ba5
16. Bxe4 Bxe4 17. Bc3 Nxe5 18. dxe5 Bxc3 19. Rxc3 Bg6 20. e4 dxe4 21. Qe3 O-O-O
22. Nc4 Qc7 23. Nd6+ Kb8 24. b4 a6 25. a4 h3 26. g3 Bh5 27. Ra1 Bf3 28. Rb3 Ka8
29. Qe1 Rb8 30. Qc3 Rhd8 31. Qe3 f6 32. Nc4 Rd1+ 33. Rxd1 Bxd1 34. Rb2 Bf3 35.
Rd2 Rd8 36. Rd6 Kb8 37. Qd2 Rxd6 38. exd6 Qd8 39. Qe3 g5 40. fxg5 fxg5 41. Qd4
Bg2 42. Qg7 g4 43. Na5 Qc8 44. d7 Qd8 45. Nc4 Kc7 46. Nb6 Kb8 47. Qe5+ Ka7 48.
Nc8+ Ka8 49. Nb6+ Ka7 50. Nc8+ Ka8 51. Qd6 Qh8 52. Nb6+ Ka7 53. d8=Q {Black
resigns} 1-0

[Event "Team 45 45 League T66"]
[Site "Internet Chess Club"]
[Date "2015.10.14"]
[Round "6"]
[White "Accarid"]
[Black "NFork"]
[Result "1-0"]
[WhiteElo "2242"]
[BlackElo "2118"]
[Opening "Caro-Kann: advance variation"]
[ECO "B12"]
[Time "09:09:51"]
[TimeControl "2700+45"]

1. e4 c6 2. d4 d5 3. e5 c5 4. c4 Nc6 5. Nf3 cxd4 6. Nxd4 e6 7. Nc3 Bc5 8. Nxc6
bxc6 9. Qg4 Ne7 10. Qxg7 Ng6 11. Bd3 Bf8 12. Qf6 Be7 13. Qg7 Bf8 14. Qf6 Qxf6
15. exf6 Ba6 16. f4 Bc5 17. Ke2 dxc4 18. Be4 O-O 19. Rd1 Rab8 20. g3 Bb6 21.
Bxc6 Bd8 22. Rd7 Rb6 23. Be4 Bxf6 24. Rxa7 Bd4 25. Rd7 Bg7 26. a4 Rfb8 27. Ra2
f5 28. Bf3 Bf6 29. a5 Rb3 30. Rd6 Bc8 31. a6 Be7 32. Rc6 Bd7 33. Rc7 Rd8 {Black
resigns} 1-0

[Event "Team 45 45 League T66"]
[Site "Internet Chess Club"]
[Date "2015.10.11"]
[Round "6"]
[White "spand42"]
[Black "Froggy"]
[Result "1-0"]
[WhiteElo "2037"]
[BlackElo "2035"]
[Opening "Robatsch (modern) defense"]
[ECO "B06"]
[Time "15:00:59"]
[TimeControl "2700+45"]

1. e4 g6 2. d4 Bg7 3. Nf3 d6 4. c4 e5 5. dxe5 dxe5 6. Qxd8+ Kxd8 7. Be3 f6 8.
Nbd2 Bh6 9. Bxh6 Nxh6 10. h3 c5 11. O-O-O Ke7 12. Nb1 Nc6 13. Nc3 Be6 14. Nd5+
Kf7 15. g4 Nd4 16. Nxd4 cxd4 17. Bd3 Rac8 18. Kd2 Kg7 19. Rhf1 g5 20. Rh1 Nf7
21. f3 h5 22. b3 hxg4 23. hxg4 Rxh1 24. Rxh1 Rh8 25. Rxh8 Nxh8 26. b4 Ng6 27. c5
Kf7 28. Bc4 Nf4 29. a4 Ng2 30. Ke2 Nf4+ 31. Kd2 Ng2 32. b5 Ne3 33. Bb3 Bxd5 34.
Bxd5+ Nxd5 35. exd5 Ke7 36. a5 Kd7 37. b6 axb6 38. axb6 Kd8 39. c6 Kc8 40. Kd3
bxc6 41. dxc6 Kb8 42. Kc4 Kc8 43. b7+ Kc7 44. Kb4 Kb8 45. Kb5 Ka7 46. Kc5 d3 47.
Kd6 {Black resigns} 1-0

[Event "Team 45 45 League T66"]
[Site "Internet Chess Club"]
[Date "2015.10.09"]
[Round "6"]
[White "Goldenberg"]
[Black "Pomberito"]
[Result "1-0"]
[WhiteElo "2154"]
[BlackElo "1993"]
[Opening "Bishop's opening: Berlin defense"]
[ECO "C24"]
[Time "20:33:44"]
[TimeControl "2700+45"]

1. e4 e5 2. Bc4 Nf6 3. d3 Nc6 4. Nc3 Bc5 5. f4 d6 6. Nf3 Bg4 7. Na4 Bb6 8. Nxb6
axb6 9. c3 Qe7 10. O-O O-O 11. h3 Be6 12. Bxe6 fxe6 13. fxe5 dxe5 14. b4 b5 15.
Be3 b6 16. Qb3 h6 17. Rfd1 Nh5 18. Kh2 Kh7 19. a4 Rxf3 20. gxf3 Rf8 21. Qc2 Rxf3
22. Qe2 Rg3 23. Qxh5 Rxe3 24. axb5 Nd8 25. Ra2 Nf7 26. Rf2 Ng5 27. h4 g6 28. Qg4
Nh3 29. Rf3 Rxf3 30. Qxf3 Nf4 31. Kg3 Qf6 32. Ra1 Qd8 33. d4 Nh5+ 34. Kh3 Nf4+
35. Kg4 g5 36. dxe5 Kg6 37. Rd1 Qh8 38. hxg5 hxg5 39. Qh1 Qxe5 40. Rd7 Nh3 41.
Kxh3 Qf4 42. Qe1 Qf3+ 43. Kh2 Qh5+ 44. Kg2 Qg4+ 45. Qg3 {Black resigns} 1-0

[Event "Team 45 45 League T66"]
[Site "Internet Chess Club"]
[Date "2015.10.09"]
[Round "6"]
[White "CHENENE"]
[Black "juniorVishy"]
[Result "1/2-1/2"]
[WhiteElo "2234"]
[BlackElo "2054"]
[Opening "QGD: Cambridge Springs defense, Bogolyubov variation"]
[ECO "D52"]
[Time "18:06:50"]
[TimeControl "2700+45"]

1. c4 c6 2. Nc3 d5 3. d4 Nf6 4. Bg5 Nbd7 5. e3 e6 6. Nf3 Qa5 7. Nd2 Bb4 8. Qc2
O-O 9. Be2 e5 10. Bxf6 Nxf6 11. dxe5 Ne4 12. Ndxe4 dxe4 13. O-O Bxc3 14. Qxc3
Qxc3 15. bxc3 Re8 16. Rfd1 Kf8 17. Rab1 {Game drawn by mutual agreement} 1/2-1/2

[Event "Team 45 45 League T66"]
[Site "Internet Chess Club"]
[Date "2015.10.11"]
[Round "6"]
[White "JasonModer"]
[Black "PoisonPawn"]
[Result "0-1"]
[WhiteElo "1854"]
[BlackElo "2110"]
[Opening "Nimzo-Indian: Simagin variation"]
[ECO "E46"]
[Time "10:12:57"]
[TimeControl "2700+45"]

1. d4 Nf6 2. c4 e6 3. Nc3 Bb4 4. e3 O-O 5. Ne2 d5 6. a3 Bd6 7. Ng3 c6 8. Qc2 e5
9. dxe5 Bxe5 10. Bd3 Be6 11. cxd5 cxd5 12. O-O Nc6 13. Rd1 Rc8 14. Bb5 a6 15.
Bxc6 Rxc6 16. Bd2 Ng4 17. f4 Bxc3 18. bxc3 Nxh2 19. f5 Bc8 20. Be1 Ng4 21. Qe2
Qh4 22. Nf1 Qh5 23. Ng3 Qh2+ 24. Kf1 Bxf5 25. Rxd5 Rf6 26. Qf3 Be4 27. Nxe4
Rxf3+ 28. gxf3 Nxe3# {White checkmated} 0-1

[Event "Team 45 45 League T66"]
[Site "Internet Chess Club"]
[Date "2015.10.08"]
[Round "6"]
[White "bradleyguo175"]
[Black "ticopatzer"]
[Result "0-1"]
[WhiteElo "1639"]
[BlackElo "1731"]
[Opening "Queen's Indian: old main line, 7.Nc3"]
[ECO "E18"]
[Time "20:06:50"]
[TimeControl "2700+45"]

1. d4 Nf6 2. c4 e6 3. Nf3 b6 4. g3 Bb7 5. Bg2 Be7 6. O-O O-O 7. Nc3 d5 8. Ne5
Nbd7 9. cxd5 Nxd5 10. Nxd5 exd5 11. Nxd7 Qxd7 12. Bf4 Rfe8 13. Rc1 Rac8 14. a3
c5 15. Re1 Bf6 16. Be3 c4 17. Qd2 h6 18. Qc3 Qf5 19. Bd2 Qg4 20. e3 h5 21. Qc2
h4 22. Qd1 Qf5 23. Qf3 Qh7 24. Bc3 hxg3 25. hxg3 Re6 26. Kf1 Be7 27. Rcd1 Rf6
28. Qg4 Rd8 29. Ke2 Bc8 {White resigns} 0-1

[Event "Team 45 45 League T66"]
[Site "Internet Chess Club"]
[Date "2015.10.11"]
[Round "6"]
[White "werty"]
[Black "hudson"]
[Result "0-1"]
[WhiteElo "1601"]
[BlackElo "1736"]
[Opening "Queen's pawn: London system"]
[ECO "A45"]
[Time "09:03:08"]
[TimeControl "2700+45"]

1. d4 Nf6 2. Bf4 g6 3. e3 Bg7 4. Nf3 O-O 5. Be2 d6 6. O-O Nfd7 7. h3 e5 8. Bh2
Nc6 9. c3 Qe7 10. Nbd2 Re8 11. d5 Ncb8 12. e4 Nb6 13. c4 Na6 14. a3 f5 15. Qc2
fxe4 16. Nxe4 Bf5 17. Bd3 Nc5 18. Nxc5 Bxd3 19. Nxd3 e4 20. Rfe1 exd3 21. Rxe7
dxc2 22. Rxe8+ Rxe8 23. Rc1 Re2 24. Ne1 Bxb2 25. Kf1 Rxe1+ {White resigns} 0-1

[Event "Team 45 45 League T66"]
[Site "Internet Chess Club"]
[Date "2015.10.11"]
[Round "6"]
[White "pokerram"]
[Black "evan7284"]
[Result "1-0"]
[WhiteElo "1755"]
[BlackElo "1734"]
[Opening "Queen's pawn game"]
[ECO "D02"]
[Time "12:01:08"]
[TimeControl "2700+45"]

1. Nf3 d5 2. d4 e6 3. c4 f5 4. cxd5 exd5 5. Nc3 Nf6 6. Bg5 c6 7. Rc1 Bd6 8. Bxf6
Qxf6 9. Nxd5 Qf7 10. Nc3 Be6 11. Ng5 Qf6 12. Nxe6 Qxe6 13. e3 Qg6 14. Qb3 b6 15.
Nb5 Nd7 16. Nxd6+ Qxd6 17. Bc4 O-O-O 18. Ba6+ Kb8 19. O-O Nf6 20. Qc4 Ng4 21. g3
Qh6 22. h4 c5 23. Qf7 Qc6 24. Qxf5 h5 25. Qf4+ Ka8 26. Be2 Rdf8 27. Qg5 Rf6 28.
Bxg4 hxg4 29. dxc5 Rg6 30. Qe7 Re6 31. Qxg7 Rxh4 32. gxh4 Rh6 33. Qf8+ Kb7 34.
cxb6 Qxb6 35. Qe7+ Ka6 36. Qa3+ Kb7 37. Qc5 Qf6 38. Qc8+ Kb6 39. Qc7+ Ka6 40.
Qc4+ Kb7 41. Qb5+ Ka8 {Black resigns} 1-0

[Event "Team 45 45 League T66"]
[Site "Internet Chess Club"]
[Date "2015.10.12"]
[Round "6"]
[White "Electryon"]
[Black "idjit"]
[Result "1/2-1/2"]
[WhiteElo "1382"]
[BlackElo "1569"]
[Opening "Queen's pawn game"]
[ECO "A46"]
[Time "14:00:52"]
[TimeControl "2700+45"]

1. d4 Nf6 2. Nf3 e6 3. g3 d5 4. Bg2 Nc6 5. O-O Bd6 6. Nbd2 O-O 7. c4 b6 8. Qc2
Nb4 9. Qc3 c5 10. a3 Nc6 11. dxc5 bxc5 12. cxd5 exd5 13. Nb3 Qb6 14. Bd2 Be6 15.
Qc2 d4 16. Nc1 Rab8 17. e3 Qxb2 18. Qxb2 Rxb2 19. exd4 Nxd4 20. Bc3 Nxf3+ 21.
Bxf3 Rc2 22. Bxf6 gxf6 23. Rd1 Be5 24. Rb1 Rb2 25. Nd3 Rxb1 26. Rxb1 c4 27. Nxe5
fxe5 28. Rc1 Rd8 29. Rc3 Bh3 30. Rxc4 Rd3 31. Bh5 Rxa3 32. Rc1 a5 33. Be2 Be6
34. Rc5 e4 35. Kg2 f5 36. Bc4 Bxc4 37. Rxc4 Kf7 38. Rc6 Ra1 39. Ra6 a4 40. h4 a3
41. h5 a2 42. Ra7+ Ke6 43. Ra5 Kd6 44. h6 Kc6 45. Kh2 Kb6 46. Ra4 Kb5 47. Ra7
Kb4 48. Rb7+ Kc4 49. Rc7+ Kd3 50. Ra7 e3 51. fxe3 Kxe3 52. Re7+ Kf3 53. Ra7 Kg4
54. Ra4+ Kg5 55. Ra6 Kh5 56. Kg2 Re1 57. Rxa2 Kxh6 58. Rf2 Kg5 59. Rf4 Re4 60.
Rf3 h5 61. Kh3 h4 62. gxh4+ Rxh4+ 63. Kg3 Rg4+ 64. Kf2 f4 65. Ra3 Kf5 66. Ra5+
Ke4 67. Ra4+ Kf5 68. Ra5+ Kg6 69. Kf3 Rh4 70. Rb5 Kf6 71. Ra5 Ke6 72. Rb5 Kd6
73. Rf5 Ke6 74. Rxf4 Rxf4+ 75. Kxf4 {Game drawn because neither player has
mating material} 1/2-1/2

[Event "Team 45 45 League T66"]
[Site "Internet Chess Club"]
[Date "2015.10.08"]
[Round "6"]
[White "Bleddyn"]
[Black "frank001"]
[Result "1-0"]
[WhiteElo "1525"]
[BlackElo "1769"]
[Opening "English: Anglo-Dutch defense"]
[ECO "A10"]
[Time "13:06:23"]
[TimeControl "2700+45"]

1. c4 f5 2. g3 Nf6 3. Bg2 e6 4. Nf3 d5 5. O-O c6 6. d3 Bc5 7. Qc2 Nbd7 8. cxd5
exd5 9. d4 Bd6 10. Qxf5 Qe7 11. Bg5 O-O 12. Qd3 h6 13. Bxf6 Nxf6 14. Nc3 Bg4 15.
Rfe1 Rf7 16. e4 dxe4 17. Nxe4 Nxe4 18. Rxe4 Qd7 19. Ne5 Bxe5 20. Rxe5 Rd8 21. d5
Kh8 22. Rae1 Rdf8 23. f4 cxd5 24. Bxd5 Rf6 25. Re7 Qc8 26. Bxb7 Qc5+ 27. Qe3 Qb4
28. b3 Qa5 29. a4 Qb4 30. Bd5 a5 31. Rb7 Qd6 32. Qe7 {Black resigns} 1-0

[Event "Team 45 45 League T66"]
[Site "Internet Chess Club"]
[Date "2015.10.10"]
[Round "6"]
[White "kabindra"]
[Black "nanning"]
[Result "1-0"]
[WhiteElo "1789"]
[BlackElo "1631"]
[Opening "Sicilian defense"]
[ECO "B32"]
[Time "11:00:13"]
[TimeControl "2700+45"]

1. e4 c5 2. Nf3 Nc6 3. d4 cxd4 4. c3 dxc3 5. Nxc3 d6 6. Bc4 a6 7. Bf4 Nf6 8. Qe2
Bg4 9. Rd1 Qc7 10. Nd5 Nxd5 11. Bxd5 e6 12. Bb3 Ne5 13. Bxe5 dxe5 14. O-O Be7
15. Rc1 Qb6 16. Ba4+ Kf8 17. h3 Bxf3 18. Qxf3 g6 19. Rcd1 Rd8 20. Rxd8+ Qxd8 21.
Rd1 Qa5 22. Bb3 Ke8 23. Rc1 Qd8 24. Rd1 Qa5 25. Qd3 Qc7 26. Qe3 Bf6 27. Rc1 Qd7
28. Qb6 Kf8 29. Rc7 Qd4 30. Qxb7 {Black resigns} 1-0

[Event "Team 45 45 League T66"]
[Site "Internet Chess Club"]
[Date "2015.10.11"]
[Round "6"]
[White "skuhl99"]
[Black "pcvan"]
[Result "1-0"]
[WhiteElo "1511"]
[BlackElo "1514"]
[Opening "Réti accepted"]
[ECO "A09"]
[Time "19:02:18"]
[TimeControl "2700+45"]

1. Nf3 d5 2. c4 dxc4 3. Qc2 Nc6 4. Qxc4 e5 5. d3 Nf6 6. Ng5 Bb4+ 7. Nc3 O-O 8.
a3 Bxc3+ 9. Qxc3 h6 10. Nf3 Re8 11. g3 Bg4 12. Bg2 Qe7 13. h3 Bh5 14. O-O e4 15.
dxe4 Nxe4 16. Qe3 Rad8 17. Re1 Qd6 18. Qf4 Bxf3 19. Qxd6 Rxd6 20. Bxf3 Nd4 21.
Bf4 Rde6 22. Rac1 c6 23. Kg2 g5 24. Be3 Rd6 25. Rc4 Nxf3 26. Kxf3 Nd2+ 27. Bxd2
Rxd2 28. Rb4 b5 29. e3 a5 30. Rb3 f5 31. Re2 Red8 32. Rxd2 Rxd2 33. Kg2 Kf7 34.
Kf1 Ke6 35. Ke1 Rc2 36. f4 Kd5 37. Rd3+ Ke4 38. Rd2 Rxd2 39. Kxd2 gxf4 40. gxf4
Kf3 41. h4 Kg4 42. Kd3 Kxh4 43. e4 fxe4+ 44. Kxe4 Kg4 45. f5 h5 46. f6 h4 47. f7
h3 48. f8=Q {Black resigns} 1-0

[Event "Team 45 45 League T66"]
[Site "Internet Chess Club"]
[Date "2015.10.09"]
[Round "6"]
[White "oldbookseller"]
[Black "HorseRadish"]
[Result "0-1"]
[WhiteElo "1064"]
[BlackElo "1433"]
[Opening "Queen's pawn game"]
[ECO "D04"]
[Time "18:48:35"]
[TimeControl "2700+45"]

1. d4 Nf6 2. e3 d5 3. Nf3 g6 4. Bd3 Bg7 5. Nbd2 O-O 6. O-O Nbd7 7. c3 c5 8. e4
dxe4 9. Nxe4 Nxe4 10. Bxe4 cxd4 11. cxd4 Nf6 12. Bc2 b6 13. Qd3 Bb7 14. Be3 Bxf3
15. gxf3 Qd5 16. Bd2 Rac8 17. Bb3 Qd6 18. f4 Rfd8 19. d5 Nxd5 20. Rab1 e6 21.
Qh3 Nxf4 22. Qf3 Qxd2 23. Rbd1 Qb4 24. Rxd8+ Rxd8 25. Rc1 a5 26. a3 Qb5 27. a4
Qb4 28. Rc4 Qe1# {White checkmated} 0-1

[Event "Team 45 45 League T66"]
[Site "Internet Chess Club"]
[Date "2015.10.13"]
[Round "6"]
[White "Skeptic1972"]
[Black "RUPIS"]
[Result "1/2-1/2"]
[WhiteElo "1715"]
[BlackElo "1693"]
[Opening "French: Rubinstein variation"]
[ECO "C10"]
[Time "13:57:29"]
[TimeControl "2700+45"]

1. e4 e6 2. d4 d5 3. Nc3 dxe4 4. Nxe4 Nd7 5. Nf3 Ngf6 6. Nxf6+ Nxf6 7. Bd3 Be7
8. Qe2 O-O 9. O-O b6 10. Bg5 Bb7 11. Rad1 h6 12. Be3 Qd5 13. Bc4 Qh5 14. Ne5
Qxe2 15. Bxe2 Rfd8 16. c3 Nd7 17. Bf3 Bxf3 18. Nxf3 c5 19. dxc5 Bxc5 20. Bxc5
Nxc5 21. Rd4 Rxd4 22. Nxd4 Rd8 {Game drawn by mutual agreement} 1/2-1/2